 Dungeon Crawl Stone Soup version 0.20.0-8-g6b59dc7 (webtiles) character file.

426 MTVSty1e the Cudgeler (level 6, 0/38 HPs)
             Began as a Gargoyle Ice Elementalist on June 2, 2017.
             Was a Follower of Okawaru.
             Slain by a gnoll
             ... wielding a +0 halberd
              (10 damage)
             ... on level 4 of the Dungeon.
             The game lasted 00:15:04 (5851 turns).

MTVSty1e the Cudgeler (Gargoyle Ice Elementalist)   Turns: 5851, Time: 00:15:05

Health: 0/38       AC: 12    Str: 13    XL:     6   Next: 97%
Magic:  9/9        EV:  5    Int: 16    God:    Okawaru [*.....]
Gold:   261        SH:  3    Dex: 10    Spells: 8/9 levels left

rFire    . . .     SeeInvis .   g - +0 morningstar
rCold    . . .     Gourm    .   f - +0 buckler
rNeg     + . .     Faith    .   l - +0 chain mail
rPois    ∞         Spirit   .   (no helmet)
rElec    +         Reflect  .   (no cloak)
rCorr    .         Harm     .   (no gloves)
MR       .....                  (no boots)
Stlth    ..........             (no amulet)
Regen    0.2/turn               (no ring)
MPRegen  0.2/turn               (no ring)

@: no status effects
A: negative energy resistance 1, electricity resistance, unbreathing,
petrification resistance, rot immunity, AC +4
a: Heroism, Renounce Religion


You were on level 4 of the Dungeon.
You worshipped Okawaru.
Okawaru was aware of your devotion.
You were not hungry.

You visited 1 branch of the dungeon, and saw 4 of its levels.
You also visited: Sewer.

You collected 261 gold pieces.

Inventory:

Hand Weapons
 a - a +0 hand axe
 c - a +0 mace
 g - a +0 morningstar (weapon)
Armour
 f - a +0 buckler (worn)
 l - a +0 chain mail (worn)
Scrolls
 e - 2 scrolls of remove curse
 i - 5 scrolls of teleportation
 p - a scroll of fog
 q - a scroll of enchant armour
Potions
 h - a potion of haste {unknown}
 m - a potion of mutation {unknown}
 n - a potion of lignification {unknown}
 o - 3 potions of magic
 r - 3 potions of curing
 s - a potion of degeneration {unknown}
Books
 b - a book of Frost

   Spells                             Type                      Level
   a - Freeze                         Ice                          1
   b - Throw Frost                    Conjuration/Ice              2
   c - Ozocubu's Armour               Charms/Ice                   3
   d - Throw Icicle                   Conjuration/Ice              4
   e - Summon Ice Beast               Ice/Summoning                4
 d - a book of Maledictions

   Spells                             Type                      Level
   a - Corona                         Hexes                        1
   b - Ensorcelled Hibernation        Hexes/Ice                    2
   c - Confuse                        Hexes                        3
   d - Tukima's Dance                 Hexes                        3
   e - Dazzling Spray                 Conjuration/Hexes            3
Comestibles
 j - a bread ration
 k - a meat ration


   Skills:
 + Level 4.2 Fighting
 * Level 5.4 Maces & Flails
 - Level 1.5 Dodging
 - Level 2.1 Stealth
 - Level 2.0 Spellcasting
   Level 1.1 Conjurations
 - Level 3.0 Ice Magic


You had 8 spell levels left.
You knew the following spells:

 Your Spells              Type           Power        Failure   Level  Hunger
a - Freeze                Ice            ##..         98%         1    #......


Dungeon Overview and Level Annotations

Branches:
Dungeon (4/15)
 Temple: D:4-7

Altars:
Kikubaaqudgha
Nemelex Xobeh
Okawaru


Innate Abilities, Weirdness & Mutations

You are resistant to torment.
Your stone body is resilient. (AC +4)
You are immune to poison.
You resist negative energy. (rN+)
You are resistant to electric shocks. (rElec)
You can survive without breathing.
You are immune to petrification.
You are immune to rotting.


Message History

The gnoll is lightly wounded.
The gnoll hits you but does no damage. The gnoll hits you with a halberd.
The gnoll hits you but does no damage.
You barely miss the gnoll.
The gnoll is lightly wounded.
The gnoll hits you with a halberd! The gnoll hits you but does no damage.
You sock the gnoll!
The gnoll is almost dead.
The gnoll hits you with a halberd. The gnoll hits you with a spear.
You puncture the gnoll!
You kill the gnoll!
Okawaru accepts your kill. The gnoll hits you but does no damage.
Your shield and chain mail prevent you from hitting the gnoll.
The gnoll barely misses you.
Your chain mail prevents you from hitting the gnoll.
The gnoll hits you with a halberd!
* * * LOW HITPOINT WARNING * * *
The gnoll hits you with a halberd!
You die...

#. #..#...##..# ##....#.####
#.##.##...##... ########.#<..#.
#..........#..###.....##.....#.
####.......#..##...............
.#####.†........#................
.............##.#................
##..###......##.#................
#. #..........................
#.....)..#@..........).....
#.........)g...............
#.##........###..............#
...............# ##.....##.....##
.###.########...# ########..####
# ##..... ###..# ..##...
#....##### .## ##. $#..#.##....
....#..##.###


You could see a gnoll.

Vanquished Creatures
  An ogre (D:4)
  2 hounds (D:4)
  A worker ant (D:4)
  8 adders
  4 gnolls
  An ooze (D:4)
  An adder skeleton (D:4)
  A worm (D:3)
  4 dart slugs
  9 leopard geckos
  2 orcs (D:3)
  8 giant cockroaches
  6 hobgoblins
  9 jackals
  16 kobolds
  5 quokkas
  7 ball pythons
  8 bats
  10 frilled lizards
  6 goblins
  11 rats
  A plant (Sewer)
121 creatures vanquished.

Vanquished Creatures (others)
  A human (D:3)
  A plant (Sewer)
2 creatures vanquished.

Grand Total: 123 creatures vanquished

Notes
Turn   | Place    | Note
-------+----------+-------------------------------------------
     0 | D:1      | MTVSty1e the Gargoyle Ice Elementalist began the quest for the Orb.
     0 | D:1      | Reached XP level 1. HP: 10/10 MP: 3/3
   106 | D:1      | Reached skill level 1 in Fighting
   135 | D:1      | Reached XP level 2. HP: 13/17 MP: 1/5
   575 | D:1      | Reached skill level 1 in Maces & Flails
   700 | D:1      | Reached XP level 3. HP: 21/21 MP: 6/6
  1213 | D:2      | Found a sparkling altar of Nemelex Xobeh.
  1509 | D:2      | Reached skill level 2 in Maces & Flails
  1904 | D:2      | Reached XP level 4. HP: 22/27 MP: 7/7
  2855 | D:3      | Found a glowing drain.
  2904 | Sewer    | Entered a sewer
  3027 | Sewer    | Reached skill level 3 in Maces & Flails
  3298 | Sewer    | Reached XP level 5. HP: 32/32 MP: 8/8
  3968 | D:3      | Found an iron altar of Okawaru.
  3976 | D:3      | Became a worshipper of Warmaster Okawaru
  4612 | D:3      | Reached skill level 4 in Maces & Flails
  4951 | D:3      | Found an ancient bone altar of Kikubaaqudgha.
  4953 | D:3      | Noticed a human
  4954 | D:3      | Killed a human
  5015 | D:4      | Noticed an ogre
  5023 | D:4      | Killed an ogre
  5023 | D:4      | Reached XP level 6. HP: 31/38 MP: 9/9
  5296 | D:4      | Reached skill level 5 in Maces & Flails
  5433 | D:4      | Reached * piety under Okawaru
  5851 | D:4      | Slain by a gnoll

Skill      XL: |  1  2  3  4  5  6 |
---------------+-------------------+-----
Fighting       | 1 2 3 4 |  4.2
Maces & Flails | 1 2 3 4 5 |  5.4
Dodging        | |  1.5
Stealth        | |  2.1
Spellcasting   | |  2.0
Conjurations   | |  1.1
Ice Magic      | |  3.0

Action                   |  1- 3 |  4- 6 || total
-------------------------+-------+-------++-------
Melee: Unarmed           |    11 |       ||    11
       Whip              |   184 |    85 ||   269
       Mace              |       |   289 ||   289
       Morningstar       |       |   118 ||   118
 Cast: Freeze            |     7 |     1 ||     8
  Use: Potion            |     1 |     3 ||     4
       Scroll            |       |    13 ||    13
 Stab: Sleeping          |     1 |     2 ||     3
       Distracted        |       |     1 ||     1
  Eat: Bread ration      |     1 |     2 ||     3
       Fruit             |       |     4 ||     4
       Chunk             |       |     3 ||     3
Armor: Robe              |    45 |       ||    45
       Leather armour    |    47 |    83 ||   130
       Chain mail        |       |   196 ||   196
Dodge: Dodged            |   146 |   208 ||   354
Block: Buckler           |       |    21 ||    21
